 Dungeon Crawl Stone Soup version 0.22-a0-407-gb098539 (webtiles) character file.

58 varam the Chiller (level 4, -2/32 HPs)
             Began as a Gnoll Wanderer on May 9, 2018.
             Was a Follower of Cheibriados.
             Slain by an adder (3 damage)
             ... on level 2 of the Dungeon.
             The game lasted 00:05:04 (2125 turns).

varam the Chiller (Gnoll Wanderer)                  Turns: 2125, Time: 00:05:05

Health: -2/32      AC:  2    Str: 20    XL:     4   Next: 1%
Magic:  8/8        EV: 12    Int: 21    God:    Cheibriados [*.....]
Gold:   116        SH:  0    Dex: 20    Spells: 7/8 levels left

rFire    . . .     SeeInvis .   d - +0 blowgun
rCold    . . .     Gourm    .   (no shield)
rNeg     . . .     Faith    .   f - +0 robe
rPois    .         Spirit   .   (no helmet)
rElec    .         Reflect  .   (no cloak)
rCorr    .         Harm     .   (no gloves)
MR       .....                  (no boots)
Stlth    ++........             (no amulet)
HPRegen  0.10/turn              k - +3 ring of dexterity
MPRegen  0.11/turn              (no ring)

@: mighty, very slightly contaminated, very slow
A: distributed training, fangs 1, strong nose
a: Bend Time, Renounce Religion


You were on level 2 of the Dungeon.
You worshipped Cheibriados.
Cheibriados was aware of your devotion.
You were not hungry.

You visited 1 branch of the dungeon, and saw 2 of its levels.

You collected 116 gold pieces.

Inventory:

Hand Weapons
 b - a +0 dagger
 d - a +0 blowgun (weapon)
 h - a +0 short sword
 l - a +0 hunting sling
Missiles
 c - 9 poisoned needles (quivered)
 j - 2 tomahawks
Armour
 f - a +0 robe (worn)
Jewellery
 k - a +3 ring of dexterity (left hand)
Scrolls
 i - a scroll of blinking {unknown}
 n - a scroll of random uselessness {unknown}
 r - 2 scrolls of identify
Potions
 g - a potion of haste {unknown}
Comestibles
 e - 3 rations
 o - a chunk of flesh


   Skills:
 + Level 1.0 Fighting
 + Level 1.0 Short Blades
 + Level 1.0 Long Blades
 + Level 2.6 Axes
 + Level 1.0 Maces & Flails
 + Level 1.0 Polearms
 + Level 1.0 Staves
 + Level 1.0 Slings
 + Level 1.0 Bows
 + Level 1.0 Crossbows
 + Level 2.6 Throwing
 + Level 4.6 Armour
 + Level 1.0 Dodging
 + Level 1.0 Stealth
 + Level 1.0 Shields
 + Level 1.0 Unarmed Combat
 + Level 2.9 Spellcasting
 + Level 0.7 Conjurations
 + Level 0.7 Hexes
 + Level 0.7 Charms
 + Level 0.7 Summonings
 + Level 0.7 Necromancy
 + Level 0.7 Translocations
 + Level 0.7 Transmutations
 + Level 0.7 Fire Magic
 + Level 5.4 Ice Magic
 + Level 2.1 Air Magic
 + Level 0.7 Earth Magic
 + Level 0.7 Poison Magic
 + Level 1.0 Invocations
 + Level 2.6 Evocations


You had 7 spell levels left.
You knew the following spells:

 Your Spells              Type           Power        Failure   Level  Hunger
a - Shock                 Conj/Air       #...         8%          1    None


Dungeon Overview and Level Annotations

Branches:
Dungeon (2/15)

Altars:
Cheibriados


Innate Abilities, Weirdness & Mutations

Your experience applies equally to all skills.
You have very sharp teeth.
Your uncanny sense of smell can sniff out nearby items.


Message History

The poisoned needle closely misses the adder.
The adder closely misses you.
The hobgoblin hits you but does no damage.
Firing (i - inventory. (/) - cycle)
c - 10 poisoned needles (quivered)
Press: ? - help, Shift-Dir - straight line, f/p - adder
Aim: an adder (moderately wounded, slow)
You shoot a poisoned needle. The poisoned needle hits the adder.
The adder is poisoned.
The adder is moderately wounded.
The hobgoblin barely misses you. The adder barely misses you.
It was a potion of might.
You feel very mighty all of a sudden. The hobgoblin hits you with a club.
* * * LOW HITPOINT WARNING * * *
It was a potion of magic.
Magic courses through your body.
* * * LOW HITPOINT WARNING * * *
You feel sick.
You are no longer poisoned.
The adder bites you.
You die...

#.........##....#[# #.###
..#.########<.###.###### #.# #
....# ##...##.....##...## #.#
..#####.....##...##.....## ##.##
..# #.......#...#.......###...##
### #.....).'...'...)(..##......
#.......#...#.......###...##
####.....##...##.....## ##.##
##.###...###..@###...#### ###
###..# ##### #.Sg# ######.##
##..>###...###.(.###.).###.######
.....##.....##...##.....###......
##...#.......#...#.......###.####
###..#.......)...'g...[..# ##.###
####.#.......#...#..?....###.....
.....##.....##...##.....###.#####
########[.(###...###...###.##


You could see an adder and a hobgoblin.

Vanquished Creatures
  A hound (D:2)
  A leopard gecko (D:2)
  An orc (D:2)
  4 bats
  A giant cockroach (D:2)
  3 goblins
  6 hobgoblins
  3 frilled lizards
  2 kobolds (D:2)
  4 rats (D:2)
26 creatures vanquished.

Notes
Turn   | Place    | Note
-------+----------+-------------------------------------------
     0 | D:1      | varam the Gnoll Wanderer began the quest for the Orb.
     0 | D:1      | varam set off with: 12 poisoned needles, a +0 blowgun, a ration, a +0 robe
     0 | D:1      | Reached XP level 1. HP: 13/13 MP: 4/4
   104 | D:1      | Found a snail-covered altar of Cheibriados.
   112 | D:1      | Became a worshipper of Cheibriados the Contemplative
   435 | D:1      | Learned a level 1 spell: Shock
   557 | D:1      | Reached XP level 2. HP: 19/19 MP: 1/5
   965 | D:2      | Reached skill level 1 in Invocations
   965 | D:2      | Reached XP level 3. HP: 14/25 MP: 1/7
  1174 | D:2      | Reached * piety under Cheibriados
  1797 | D:2      | Reached skill level 1 in Fighting
  1797 | D:2      | Reached skill level 1 in Short Blades
  1797 | D:2      | Reached skill level 1 in Long Blades
  1797 | D:2      | Reached skill level 1 in Maces & Flails
  1797 | D:2      | Reached skill level 1 in Polearms
  1797 | D:2      | Reached skill level 1 in Staves
  1797 | D:2      | Reached skill level 1 in Slings
  1797 | D:2      | Reached skill level 1 in Bows
  1797 | D:2      | Reached skill level 1 in Crossbows
  1797 | D:2      | Reached skill level 1 in Dodging
  1797 | D:2      | Reached skill level 1 in Stealth
  1797 | D:2      | Reached skill level 1 in Shields
  1797 | D:2      | Reached skill level 1 in Unarmed Combat
  1937 | D:2      | Reached XP level 4. HP: 16/32 MP: 2/8
  2125 | D:2      | HP: 1/32 [poisoned by an adder]
  2125 | D:2      | Slain by an adder

Vault maps used:
D:1:      nzn_arrival_depleted_hourglass, cheibriados_altar_1
D:2:      kennysheep_six_static_rooms, nicolae_ru_awakened_eye,
          old_standard_altar, first_ration, minmay_misc_feat_columns,
          minivault_24, grunt_decor_fettered, minmay_misc_feat_rows

Skill      XL: |  1  2  3 |
---------------+----------+-----
Air Magic      | 2 |  2.1
Invocations    | 1 |  1.0
Fighting       | 1 |  1.0
Short Blades   | 1 |  1.0
Long Blades    | 1 |  1.0
Maces & Flails | 1 |  1.0
Polearms       | 1 |  1.0
Staves         | 1 |  1.0
Slings         | 1 |  1.0
Bows           | 1 |  1.0
Crossbows      | 1 |  1.0
Dodging        | 1 |  1.0
Stealth        | 1 |  1.0
Shields        | 1 |  1.0
Unarmed Combat | 1 |  1.0
Axes           | |  2.6
Throwing       | |  2.6
Armour         | |  4.6
Spellcasting   | |  2.9
Conjurations   | |  0.7
Hexes          | |  0.7
Charms         | |  0.7
Summonings     | |  0.7
Necromancy     | |  0.7
Translocations | |  0.7
Transmutations | |  0.7
Fire Magic     | |  0.7
Ice Magic      | |  5.4
Earth Magic    | |  0.7
Poison Magic   | |  0.7
Evocations     | |  2.6

Action                   |  1- 3 |  4- 6 || total
-------------------------+-------+-------++-------
Melee: Dagger            |    76 |     3 ||    79
       Bite              |     6 |       ||     6
 Fire: Blowgun           |     1 |     3 ||     4
 Cast: Shock             |    17 |     3 ||    20
Invok: Bend Time         |       |     1 ||     1
  Use: Potion            |     2 |     2 ||     4
       Scroll            |     1 |       ||     1
 Stab: Sleeping          |     2 |       ||     2
  Eat: Chunk             |     2 |     1 ||     3
Armor: Robe              |    15 |     1 ||    16
       Skin              |     5 |       ||     5
Dodge: Dodged            |    62 |    13 ||    75

Table legend:
 A = Spawn XP
 B = Non-spawn XP
 C = Spawn XP percentage of total XP
 D = Spawn monster count
 E = Non-spawn monster count
 F = Spawn count percentage of total count
 G = Total turns spent on level
                    A         B        C        D         E        F      G
               +---------+---------+-------+---------+---------+-------+---------
         Total |       0 |      83 |   0.0 |       0 |      26 |   0.0 |  2125
               +---------+---------+-------+---------+---------+-------+---------
           D:1 |       0 |      11 |   0.0 |       0 |       7 |   0.0 |   894
           D:2 |       0 |      72 |   0.0 |       0 |      19 |   0.0 |  1231
               +---------+---------+-------+---------+---------+-------+---------
